 Dungeon Crawl Stone Soup version 0.25-a0-424-g80bd347ae0 (webtiles) character file.

Game seed: 10281121944970946910, levelgen mode: deterministic

22575 Nattfarinn the Martial Artist (level 13, 0/103 HPs)
             Began as a Merfolk Transmuter on Jan 23, 2020.
             Was a High Priest of Okawaru.
             Slain by an orc warrior
             ... wielding a +0 scimitar
              (2 damage)
             ... while petrified by a basilisk
             ... on level 12 of the Dungeon.
             The game lasted 00:39:57 (16376 turns).

Nattfarinn the Martial Artist (Merfolk Transmuter) Turns: 16376, Time: 00:39:57

Health: 0/103      AC:  6    Str: 18    XL:     13   Next: 1%
Magic:  25/25      EV:  2    Int: 16    God:    Okawaru [*****.]
Gold:   524        SH:  0    Dex: 19    Spells: 16/29 levels left

rFire    . . .     SeeInvis +     - Unarmed
rCold    . . .     Gourm    .   (shield currently unavailable)
rNeg     + + +     Faith    .   x - +0 troll leather armour
rPois    ∞         Spirit   .   (no helmet)
rElec    .         Reflect  .   A - +0 cloak
rCorr    .         Harm     .   (gloves currently unavailable)
MR       .....                  G - +4 pair of boots of Vaok {Dex+5}
Stlth    +.........             (no amulet)
HPRegen  0.67/turn              o - +6 ring of strength
MPRegen  0.19/turn              n - ring of see invisible

@: blade hands (expiring), petrified, corroded
A: change form in water, swift swim, stealthy swim
a: End Transformation, Heroism, Finesse, Renounce Religion


You were on level 12 of the Dungeon.
You worshipped Okawaru.
Okawaru was extremely pleased with you.
You were not hungry.
You had blades for hands.
You visited 2 branches of the dungeon, and saw 13 of its levels.

You collected 716 gold pieces.
You spent 192 gold pieces at shops.

Inventory:

Missiles
 a - 357 arrows
Armour
 e - a +2 robe of magic resistance
 q - a +0 pair of boots
 v - a +1 pair of boots
 x - a +0 troll leather armour (worn)
 A - a +0 cloak (worn)
 G - the +4 pair of boots of Vaok (worn) {Dex+5}
   (Okawaru gifted it to you on level 12 of the Dungeon)

   It affects your dexterity (+5).
Jewellery
 g - an uncursed ring of protection from magic
 n - a ring of see invisible (right scythe-like blade)
 o - a +6 ring of strength (left scythe-like blade)
 y - an uncursed ring of protection from fire
 z - an uncursed ring of protection from magic
 H - an uncursed ring of positive energy
Wands
 j - a wand of iceblast (3)
 s - a wand of paralysis (2)
 w - a wand of random effects (17)
 B - a wand of polymorph (5)
 E - a wand of digging (6)
Scrolls
 h - 13 scrolls of remove curse
 l - a scroll of enchant weapon
 p - a scroll of torment
 r - 4 scrolls of magic mapping
 D - a scroll of immolation
 J - a scroll of brand weapon
Potions
 b - 2 potions of heal wounds
 c - 5 potions of haste
 f - 4 potions of might
 i - 2 potions of curing
 k - 3 potions of agility
 m - 2 potions of mutation
 u - 2 potions of brilliance
 C - a potion of resistance
 F - a potion of cancellation
 I - a potion of ambrosia
 K - a potion of flight {unknown}
Comestibles
 d - 28 rations


   Skills:
 + Level 10.2 Fighting
 + Level 12.2 Dodging
 * Level 13.2 Unarmed Combat
 + Level 8.8 Spellcasting
 - Level 10.4 Transmutations


You had 16 spell levels left.
You knew the following spells:

 Your Spells              Type           Power        Failure   Level  Hunger
a - Beastly Appendage     Tmut           #####.       9%          1    None
b - Spider Form           Tmut/Pois      ###.......   30%         3    #......
c - Ice Form              Ice/Tmut       ###.....     54%         4    ###....
d - Blade Hands           Tmut           #####.....   32%         5    #####..

Your spell library contained the following spells:

 Spells                   Type           Power        Failure   Level  Hunger
 Sticks to Snakes         Tmut           #####...     10%         2    None
 Infusion                 Chrm           #...         50%         1    None
 Summon Small Mammal      Summ           #...         50%         1    None
 Call Imp                 Summ           #.......     61%         2    None
 Poisonous Vapours        Pois/Air       #.....       61%         2    None
 Shroud of Golubria       Chrm/Tloc      #.....       61%         2    None
 Song of Slaying          Chrm           #.......     61%         2    None
 Call Canine Familiar     Summ           #.......     78%         3    #......
 Conjure Flame            Conj/Fire      #.......     78%         3    #......
 Mephitic Cloud           Conj/Pois/Air  #.......     78%         3    #......
 Ozocubu's Armour         Chrm/Ice       #.......     78%         3    #......
 Spectral Weapon          Hex/Chrm       #.......     78%         3    #......
 Summon Guardian Golem    Hex/Summ       #.......     78%         3    #......
 Summon Ice Beast         Ice/Summ       #.......     97%         4    ###....
 Summon Lightning Spire   Summ/Air       #.......     97%         4    ###....
 Freezing Cloud           Conj/Ice/Air   #.........   100%        6    ######.
 Ring of Flames           Chrm/Fire      #.........   100%        7    #######


Dungeon Overview and Level Annotations

Branches:
Dungeon (12/15)            Temple (1/1) D:7            Lair (0/6) D:9
    Orc (0/2) D:11

Altars:
Ashenzari
Cheibriados
Dithmenos
Elyvilon
Fedhas
Gozag
Hepliaklqana
Kikubaaqudgha
Makhleb
Nemelex Xobeh
Okawaru
Qazlal
Ru
Trog
Uskayaw
Vehumet
Wu Jian
Xom
Yredelemnul
Zin
The Shining One

Shops:
D:4 ?!(=   D:9 =


Message History

* * * LOW HITPOINT WARNING * * *
The centaur unwields a +0 vorpal shortbow.
The centaur hits you.
The orc warrior hits you with a +0 scimitar!
* * * LOW HITPOINT WARNING * * *
The centaur hits you but does no damage.
The centaur hits you but does no damage.
The orc warrior zaps a wand.
The bolt of acid hits you.
* * * LOW HITPOINT WARNING * * *
You are splashed with acid!
* * * LOW HITPOINT WARNING * * *
The centaur hits you.
* * * LOW HITPOINT WARNING * * *
The centaur hits you!
* * * LOW HITPOINT WARNING * * *
The orc warrior hits you but does no damage.
Your transformation is almost over.
The centaur hits you but does no damage.
The orc warrior hits you with a +0 scimitar.
You die...

##..#..#..##.........######
#..#..#(#..##..............
..#..#...#..##..(..........
#..#..#..#..#.............
#..#.#..#.#.............
#c.#.$.#..#)(............
..#..#.#).#(#))...........
##..#..#.o#†)#.†...........
#######..#...#@.##(<...........
##.....##..#.#c.##..#######.....
##.......##..#..##(.(#.....#...))
#.........#######....#.....#....÷
.....................#.....#.....
..........#....[.(...#.....#.....
..........#.....#....###'###.....
...#......##....#....#...........
...#.......#....#....#...........


You could see an orc warrior and a centaur.

Vanquished Creatures
  Harold (D:8)
  A hydra (D:11)
  A centaur warrior (D:12)
  4 two-headed ogres
  Urug (D:10)
  A tengu warrior (D:12)
  An unseen horror (D:12)
  A manticore (D:12)
  Joseph (D:10)
  Maurice (D:10)
  Maggie (D:8)
  2 gargoyles (D:12)
  A freezing wraith (D:12)
  A tengu conjurer (D:12)
  2 trolls
  A hornet (D:12)
  Prince Ribbit (D:7)
  2 hippogriffs
  Sigmund (D:6)
  A vampire (D:12)
  7 yaks
  A human (D:10)
  A shadow (D:12)
  2 hogs (D:10)
  2 wyverns (D:11)
  Grum (D:11)
  A basilisk (D:12)
  A hungry ghost (D:11)
  2 acid dragons
  3 water moccasins
  Duvessa (D:6)
  A soldier ant (D:11)
  3 porcupines (D:9)
  An ice beast (D:5)
  2 sky beasts
  3 black bears
  13 orc warriors
  6 ogres
  8 wolves
  8 centaurs
  3 crocodiles (D:9)
  4 big kobolds
  6 bullfrogs
  5 gnoll sergeants
  4 wyvern zombies
  Dowan (D:6)
  A wyvern skeleton (D:9)
  7 scorpions
  13 killer bees
  5 wights (D:11)
  8 howler monkeys
  10 crimson imps
  5 hounds (D:7)
  A quasit (D:9)
  A wyvern simulacrum (D:9)
  2 bullfrog zombies
  2 centaur zombies
  3 jellies
  7 orc priests
  4 iguanas
  5 bullfrog skeletons
  Terence (D:3)
  20 orc wizards
  8 worker ants
  7 gnolls
  A howler monkey skeleton (D:5)
  11 adders
  6 river rats (D:5)
  4 shadow imps
  3 white imps (D:9)
  A worker ant simulacrum (D:9)
  3 ufetubi (D:9)
  2 adder skeletons (D:6)
  2 worms (D:2)
  A dart slug (D:1)
  4 leopard geckos
  46 orcs
  6 giant cockroaches
  6 goblins
  4 hobgoblins
  10 jackals
  6 quokkas
  2 ball pythons
  5 bats
  3 frilled lizards
  11 kobolds
  2 quokka skeletons
  3 quokka zombies
  15 rats
383 creatures vanquished.

Vanquished Creatures (others)
  A fungus (D:9)
1 creature vanquished.

Grand Total: 384 creatures vanquished

Notes
Turn   | Place    | Note
-------+----------+-------------------------------------------
     0 | D:1      | Nattfarinn the Merfolk Transmuter began the quest for the
                  | Orb.
     0 | D:1      | Reached XP level 1. HP: 15/15 MP: 3/3
   183 | D:1      | Reached XP level 2. HP: 18/21 MP: 5/5
   580 | D:1      | Reached XP level 3. HP: 18/26 MP: 6/6
  1281 | D:1      | Learned a level 3 spell: Spider Form
  1390 | D:2      | Found a snail-covered altar of Cheibriados.
  2048 | D:3      | Reached XP level 4. HP: 25/33 MP: 1/7
  2300 | D:3      | Reached XP level 5. HP: 14/38 MP: 5/8
  2734 | D:3      | Found a bloodstained altar of Trog.
  2838 | D:3      | Noticed Terence
  2847 | D:3      | Killed Terence
  2847 | D:3      | Reached skill level 4 in Unarmed Combat
  3309 | D:4      | Found Agusagg's Magic Scroll Boutique.
  3318 | D:4      | Bought a scroll of identify for 22 gold pieces
  3318 | D:4      | Bought a scroll of identify for 22 gold pieces
  3318 | D:4      | Bought a scroll of identify for 22 gold pieces
  3318 | D:4      | Bought a scroll of identify for 22 gold pieces
  3318 | D:4      | Bought a scroll of magic mapping for 38 gold pieces
  3318 | D:4      | Bought a scroll of remove curse for 33 gold pieces
  3318 | D:4      | Bought a scroll of teleportation for 33 gold pieces
  3454 | D:4      | Noticed an ogre
  3462 | D:4      | Killed an ogre
  3462 | D:4      | Reached skill level 5 in Transmutations
  3462 | D:4      | Reached XP level 6. HP: 46/46 MP: 3/10
  3749 | D:4      | Found Dopuoxt's Distillery.
  3758 | D:4      | Found Pokoclyo's Weapon Boutique.
  3759 | D:4      | Found a shimmering altar of Xom.
  3961 | D:4      | Found a shimmering altar of Xom.
  4191 | D:4      | Found Nodamahi's Jewellery Shop.
  4192 | D:4      | Found a shimmering altar of Xom.
  4198 | D:4      | Found a shimmering altar of Xom.
  4199 | D:4      | Found a shimmering altar of Xom.
  4209 | D:4      | Found a shimmering altar of Xom.
  4210 | D:4      | Found a shimmering altar of Xom.
  4272 | D:5      | Entered Level 5 of the Dungeon
  4334 | D:5      | Learned a level 4 spell: Ice Form
  4425 | D:5      | Reached XP level 7. HP: 25/52 MP: 6/11
  4712 | D:5      | Found a snail-covered altar of Cheibriados.
  4790 | D:5      | Reached skill level 5 in Dodging
  5095 | D:5      | Reached skill level 5 in Unarmed Combat
  5135 | D:5      | Found a hide-covered altar of Uskayaw.
  5334 | D:5      | Reached XP level 8. HP: 60/60 MP: 9/13
  5551 | D:6      | Noticed Sigmund
  5562 | D:6      | Learned a level 5 spell: Blade Hands
  5574 | D:6      | Killed Sigmund
  6053 | D:6      | Noticed Duvessa
  6053 | D:6      | Noticed Dowan
  6064 | D:6      | Killed Duvessa
  6064 | D:6      | Reached XP level 9. HP: 56/67 MP: 11/15
  6066 | D:6      | Killed Dowan
  6066 | D:6      | Reached skill level 6 in Unarmed Combat
  6067 | D:6      | Reached skill level 5 in Fighting
  6782 | D:7      | Noticed Prince Ribbit
  6790 | D:7      | Killed Prince Ribbit
  6796 | D:7      | Reached skill level 5 in Spellcasting
  6938 | D:7      | Found a shimmering altar of Xom.
  6939 | D:7      | Found a hazy altar of Hepliaklqana.
  6940 | D:7      | Noticed a spectral ugly thing
  6954 | D:7      | Reached skill level 10 in Transmutations
  6976 | D:7      | Found a radiant altar of Vehumet.
  7465 | D:7      | Reached skill level 7 in Unarmed Combat
  7577 | D:7      | Found a staircase to the Ecumenical Temple.
  8055 | Temple   | Entered the Ecumenical Temple
  8272 | D:8      | Noticed Maggie
  8278 | D:8      | Reached XP level 10. HP: 40/76 MP: 15/18
  8291 | D:8      | Killed Maggie
  8661 | D:8      | Reached skill level 8 in Unarmed Combat
  8776 | D:8      | Found an iron altar of Okawaru.
  8784 | D:8      | Became a worshipper of Warmaster Okawaru
  8843 | D:8      | Found a shadowy altar of Dithmenos.
  8866 | D:8      | Noticed Harold
  8882 | D:8      | Killed Harold
  9203 | D:9      | Reached * piety under Okawaru
  9388 | D:9      | Reached skill level 9 in Unarmed Combat
  9472 | D:9      | Found a staircase to the Lair.
  9764 | D:9      | Reached ** piety under Okawaru
  9940 | D:9      | Reached XP level 11. HP: 66/84 MP: 14/20
 10353 | D:9      | Reached skill level 10 in Unarmed Combat
 10494 | D:9      | Found Akib's Jewellery Shop.
 10761 | D:10     | Entered Level 10 of the Dungeon
 10797 | D:10     | Reached *** piety under Okawaru
 11182 | D:10     | Noticed Maurice
 11189 | D:10     | Killed Maurice
 11189 | D:10     | Reached skill level 10 in Dodging
 11710 | D:10     | Noticed Joseph
 11721 | D:10     | Killed Joseph
 12031 | D:10     | Noticed Urug
 12035 | D:10     | Noticed a two-headed ogre
 12039 | D:10     | Killed Urug
 12043 | D:10     | Killed a two-headed ogre
 12043 | D:10     | Reached **** piety under Okawaru
 12043 | D:10     | Reached skill level 11 in Unarmed Combat
 13201 | D:11     | Noticed a six-headed hydra
 13549 | D:11     | Found a staircase to the Orcish Mines.
 13550 | D:11     | Identified the +3 dagger of Sosovoi {holy, Stlth+}
 13859 | D:11     | Reached XP level 12. HP: 94/94 MP: 17/23
 13882 | D:11     | Noticed Grum
 13908 | D:11     | Killed Grum
 14335 | D:11     | Killed a seven-headed hydra
 14335 | D:11     | Reached ***** piety under Okawaru
 15144 | D:12     | Received a gift from Okawaru
 15148 | D:12     | Got a pair of faintly humming boots {god gift}
 15162 | D:12     | Identified the +4 pair of boots of Vaok {Dex+5} (Okawaru
                  | gifted it to you on level 12 of the Dungeon)
 15194 | D:12     | Reached skill level 12 in Unarmed Combat
 15400 | D:12     | Noticed a two-headed ogre
 15409 | D:12     | Killed a two-headed ogre
 15710 | D:12     | Noticed a two-headed ogre
 15713 | D:12     | Killed a two-headed ogre
 15740 | D:12     | Noticed a centaur warrior
 16244 | D:12     | Noticed a tengu warrior
 16275 | D:12     | Killed a tengu warrior
 16297 | D:12     | Noticed a centaur warrior
 16341 | D:12     | Reached skill level 10 in Fighting
 16350 | D:12     | Noticed a two-headed ogre
 16355 | D:12     | Killed a two-headed ogre
 16355 | D:12     | Reached skill level 13 in Unarmed Combat
 16359 | D:12     | Killed a centaur warrior
 16364 | D:12     | Reached XP level 13. HP: 39/103 MP: 23/25
 16375 | D:12     | HP: 4/103 [centaur (2)]
 16375 | D:12     | HP: 1/103 [centaur (3)]
 16376 | D:12     | Slain by an orc warrior

Levels and vault maps discovered:
D:1:      beargit_arrival_greenhouse, layout_basic, minmay_pentomino_x2
D:2:      layout_loops_cross, cheibriados_altar_1, minmay_parallelograms
D:3:      layout_loops_ring, bloody_trog, uniq_terence
D:4:      layout_basic, serial_shops, nicolae_shop_trees, shop,
          nicolae_shop_behind_doors, shop, xom_redecorated
D:5:      lemuel_ratsnest, layout_basic, eat_drink_and_be_merry_uskayaw,
          basic_altar, first_ration, supply_closet_lemuel
D:6:      layout_rooms, lemuel_blue_sif_altar, uniq_duvessa, uniq_sigmund
D:7:      layout_basic, regret_index_temple_of_mockery,
          overflow_temple_1_default, minmay_temple_entry_fiery,
          uniq_prince_ribbit1
D:8:      layout_rooms, okawaru_ov_weapons_minmay,
          nicolae_overflow_hidden_temple, uniq_maggie, uniq_harold
D:9:      layout_roguey, minmay_lair_entry_grove, serial_shops,
          nicolae_shop_behind_doors, serial_ice, serial_ice_k, serial_ice_m,
          serial_ice_f, serial_ice_h
D:10:     layout_irregular_city, grunt_livestock, nicolae_wwwww, uniq_urug,
          uniq_maurice, uniq_joseph
D:11:     layout_long_grid, kennysheep_orc_monster_closet_entryway,
          minmay_quadrilaterals, uniq_grum
D:12:     minmay_the_grid_octo_tiled_octocenter_mashed
          [minmay_the_grid_octo_thin_diamonds, minmay_the_grid_octo_concentric,
          minmay_the_grid_octo_clover_2, minmay_the_grid_octo_fan_narrow,
          minmay_the_grid_octo_prize_star,
          minmay_the_grid_square_5x5_fancy_junction,
          minmay_the_grid_square_5x5_lines,
          minmay_the_grid_square_5x5_half_checkered,
          minmay_the_grid_square_5x5_detours], layout_grid_maze,
          kennysheep_generic_room_15
Temple:   cyrus_circular_temple

Skill      XL: |  1  2  3  4  5  6  7  8  9 10 11 12 |
---------------+-------------------------------------+-----
Transmutations | 3 4 5 7 8 10 | 10.4
Dodging        | 3 4 5 6 7 9 10 12 | 12.2
Fighting       | 2 3 4 6 7 8 10 | 10.2
Unarmed Combat | 4 5 7 9 11 13 | 13.2
Spellcasting   | 3 4 5 6 7 8 |  8.8

Action                   |  1- 3 |  4- 6 |  7- 9 | 10-12 | 13-15 || total
-------------------------+-------+-------+-------+-------+-------++-------
Melee: Unarmed           |   127 |   143 |   294 |   564 |     4 ||  1132
       Headbutt          |     2 |       |       |       |       ||     2
       Punch             |     1 |       |       |    22 |       ||    23
 Cast: Spider Form       |     4 |    14 |    20 |     9 |       ||    47
       Beastly Appendage |     1 |       |       |       |       ||     1
       Ice Form          |       |       |     7 |     2 |       ||     9
       Blade Hands       |       |       |     1 |    53 |       ||    54
Invok: Heroism           |       |       |       |     1 |       ||     1
  Use: Scroll            |     1 |     6 |     4 |    13 |       ||    24
       Potion            |       |     2 |       |     7 |       ||     9
 Stab: Sleeping          |     1 |       |     2 |       |       ||     3
       Distracted        |       |       |       |     1 |       ||     1
  Eat: Chunk             |     4 |     6 |    17 |    39 |       ||    66
       Ration            |       |     1 |       |     1 |       ||     2
Armor: Robe              |    17 |    10 |    12 |    48 |       ||    87
       Skin              |       |     4 |    14 |     4 |       ||    22
       Troll leather arm |       |       |       |     9 |     4 ||    13
Dodge: Dodged            |    74 |   125 |   240 |   521 |     2 ||   962

Table legend:
 A = Non-vault XP
 B = Vault XP
 C = Vault XP percentage of total XP
 D = Non-vault monster count
 E = Vault monster count
 F = Vault count percentage of total count
                 A         B        C        D         E       F
            +---------+---------+-------+---------+---------+-------
      Total |   15241 |   17010 |  52.7 |     264 |     119 |  31.1
            +---------+---------+-------+---------+---------+-------
        D:1 |      29 |      15 |  34.1 |      17 |       2 |  10.5
        D:2 |      24 |       0 |   0.0 |      11 |       0 |   0.0
        D:3 |     164 |      38 |  18.8 |      16 |       1 |   5.9
        D:4 |     242 |       0 |   0.0 |      12 |       0 |   0.0
        D:5 |     562 |     194 |  25.7 |      15 |      28 |  65.1
        D:6 |     943 |     458 |  32.7 |      18 |       3 |  14.3
        D:7 |    1513 |     268 |  15.0 |      32 |       1 |   3.0
        D:8 |     783 |    1465 |  65.2 |      14 |       2 |  12.5
        D:9 |    2242 |    2014 |  47.3 |      47 |      24 |  33.8
       D:10 |    1740 |    2856 |  62.1 |      19 |       8 |  29.6
       D:11 |    2862 |    2729 |  48.8 |      38 |      30 |  44.1
       D:12 |    4137 |    6973 |  62.8 |      25 |      20 |  44.4
            +---------+---------+-------+---------+---------+-------
